 Dungeon Crawl Stone Soup version 0.17-a0-1164-g0ba867e (webtiles) character file.

2010 KlotserJr the Carver (level 9, -6/105 HPs)
             Began as a Minotaur Berserker on May 27, 2015.
             Was a High Priest of Trog.
             Mangled by a steam dragon (8 damage)
             ... on level 6 of the Dungeon on May 28, 2015.
             The game lasted 00:36:53 (5652 turns).

KlotserJr the Carver (Minotaur Berserker)           Turns: 5652, Time: 00:36:53

Health: -6/105     AC:  6    Str: 27    XL:     9   Next: 2%
Magic:  2/2        EV: 11    Int:  7    God:    Trog [*****.]
Gold:   171        SH:  0    Dex: 10    Spells: 0 memorised, 8 levels left

rFire  . . .     SeeInvis .     m - +2 falchion (antimagic)
rCold  + . .     Clarity  .     y - +1 ring mail {rC+}
rNeg   . . .     SustAt   .     (no shield)
rPois  .         Gourm    .     (helmet restricted)
rElec  .         Spirit   .     (no cloak)
rCorr  .         Warding  .     (no gloves)
rMut   .         Stasis   .     (no boots)
MR     .....                    (no amulet)
Stlth  ..........               (no ring)
                                (no ring)

@: berserking, very quick, not resistant to hostile enchantments, extremely
unstealthy
A: retaliatory headbutt, horns 2
a: Burn Spellbooks, Berserk, Trog's Hand, Brothers in Arms, Renounce Religion


You were on level 6 of the Dungeon.
You worshipped Trog.
Trog was extremely pleased with you.
You were hungry.

You visited 2 branches of the dungeon, and saw 8 of its levels.
You also visited: Sewer.

You collected 263 gold pieces.
You spent 92 gold pieces at shops.

Inventory:

Hand weapons
 m - a +2 antimagic falchion (weapon)
Armour
 y - a +1 ring mail of cold resistance (worn)
Jewellery
 e - the amulet of Reimbursement {Stasis Stlth+}
   (You found it on level 4 of the Dungeon)

   [amulet of stasis]

   It prevents you from being teleported, slowed, hasted or paralysed.
   It makes you more stealthy.
 p - an uncursed amulet of resist mutation
Magical devices
 r - a wand of random effects (19)
Scrolls
 i - 2 scrolls of blinking {unknown}
 k - a scroll of fear
 l - 7 scrolls of remove curse
 v - a scroll of enchant weapon
 x - a scroll of fog {unknown}
Potions
 d - a potion of cancellation
 g - a potion of resistance {unknown}
 h - 2 potions of lignification
 j - a potion of experience {unknown}
 n - a potion of agility {unknown}
 q - a potion of invisibility {unknown}
 s - a potion of brilliance {unknown}
 u - 3 potions of ambrosia
 z - a potion of might {unknown}
Comestibles
 a - 8 meat rations
 c - 6 bread rations
 f - 4 chunks of flesh
 t - a royal jelly


   Skills:
 - Level 3.6 Fighting
 + Level 12.7 Long Blades
   Level 5.3 Polearms
 - Level 2.4 Armour
 - Level 2.1 Dodging
 - Level 1.2 Stealth
 + Level 0.5 Evocations


You had 8 spell levels left.
You didn't know any spells.

Dungeon Overview and Level Annotations

Branches:
Dungeon (7/15)             Temple (1/1) D:4

Altars:
Ashenzari
Elyvilon
Fedhas
Gozag
Makhleb
Nemelex Xobeh
Okawaru
Qazlal
Ru
Sif Muna
Trog
Vehumet
Xom
Yredelemnul
Zin
The Shining One

Shops:
D:6 [


Innate Abilities, Weirdness & Mutations

You reflexively headbutt those who attack you in melee.
You have a pair of horns on your head.


Message History

* * * LOW HITPOINT WARNING * * *
Use which ability? (? or * to list)
You cannot go berserk while under stasis.
You hit the steam dragon. Your headbutt misses the steam dragon.
The steam dragon is heavily wounded.
The steam dragon bites you.
* * * LOW HITPOINT WARNING * * *
The steam dragon claws you but does no damage.
You remove the amulet of Reimbursement {Stasis Stlth+}.
Use which ability? (? or * to list)
A red film seems to cover your vision as you go berserk!
You feel yourself moving faster!
You feel mighty!
You are feeling hungry.
The steam dragon bites you!
* * * LOW HITPOINT WARNING * * *
The steam dragon claws you but does no damage.
You completely miss the steam dragon. Your headbutt misses the steam dragon.
The steam dragon is heavily wounded.
The steam dragon bites you!
You die...

##.....#####...###...###..#
#...###.P^###.# #...# ##.#
#.####.P...P### ##..# ###
###..##.≈....P## #### ##
##.....#.$....P≈# .#
##...#..#.P.....P#
.###..#######≈.P.^P#
.....## #≈.D..# ###..##
#P@≈# ##..# #...# #..#
#P..# ##..## #^.≈#
##....#### #..P#
##........#####≈..#
.............##..##
.###..........#..#
###..........##≈.#


You could see a steam dragon.

Vanquished Creatures
  A steam dragon (D:6)
  A phantom (D:4)
  2 ice beasts (D:5)
  An ogre (D:6)
  5 black bears
  A centaur (D:6)
  A big kobold (D:6)
  A giant frog (D:6)
  A crocodile (Sewer)
  2 scorpions
  2 crimson imps
  2 hounds
  3 orc priests
  Terence (D:2)
  Natasha (twice) (D:3)
  An iguana (D:5)
  4 orc wizards
  2 worker ants
  A hound skeleton (D:4)
  7 adders
  A shadow imp (D:3)
  2 oozes
  3 worms
  2 giant geckos
  12 orcs
  19 bats
  8 giant cockroaches
  10 goblins
  17 hobgoblins
  9 jackals
  20 kobolds
  2 quokkas
  2 ball pythons
  8 giant newts
  11 rats
167 creatures vanquished.

Notes
Turn   | Place    | Note
--------------------------------------------------------------
     0 | D:1      | KlotserJr the Minotaur Berserker began the quest for the Orb.
     0 | D:1      | Reached XP level 1. HP: 19/19 MP: 0/0
     0 | D:1      | Upgraded the game from 0.17-a0-1150-g17b0b87 to 0.17-a0-1164-g0ba867e
    84 | D:1      | Reached skill level 4 in Polearms
   283 | D:1      | Reached XP level 2. HP: 26/26 MP: 1/1
   508 | D:1      | You fall through a shaft!
   514 | D:2      | Noticed Terence
   518 | D:2      | Found a basalt altar of Yredelemnul.
   523 | D:2      | Killed Terence
   523 | D:2      | Reached skill level 5 in Polearms
   523 | D:2      | Reached XP level 3. HP: 27/31 MP: 2/2
   543 | D:2      | Acquired Trog's second power
   566 | D:2      | Reached skill level 1 in Stealth
   771 | D:1      | Reached XP level 4. HP: 37/39 MP: 1/3
   803 | D:1      | Reached skill level 1 in Long Blades
  1677 | D:2      | Found a glowing golden altar of the Shining One.
  2013 | D:3      | Reached XP level 5. HP: 18/45 MP: 1/4
  2065 | D:3      | Noticed a black bear
  2445 | D:3      | Noticed Natasha
  2449 | D:3      | Killed Natasha
  2449 | D:3      | Reached skill level 5 in Long Blades
  2602 | D:3      | Killed a black bear
  2602 | D:3      | Reached XP level 6. HP: 41/51 MP: 1/5
  2612 | D:3      | Reached skill level 6 in Long Blades
  2783 | D:3      | Found a burning altar of Makhleb.
  2830 | D:3      | Noticed Natasha
  2842 | D:3      | Killed Natasha
  3030 | D:4      | Got a bound ivory amulet
  3031 | D:4      | Identified the amulet of Reimbursement {Stasis Stlth+} (You found it on level 4 of the Dungeon)
  3167 | D:4      | Found a sacrificial altar of Ru.
  3172 | D:4      | Acquired Trog's third power
  3218 | D:4      | Found a staircase to the Ecumenical Temple.
  3229 | Temple   | Entered the Ecumenical Temple
  3607 | D:4      | Reached skill level 7 in Long Blades
  3607 | D:4      | Reached XP level 7. HP: 46/57 MP: 2/6
  3772 | D:4      | Reached skill level 8 in Long Blades
  3937 | D:5      | Entered Level 5 of the Dungeon
  3937 | D:5      | Found a glowing drain.
  3964 | Sewer    | Entered a sewer
  4132 | D:5      | Reached skill level 9 in Long Blades
  4428 | D:5      | Reached XP level 8. HP: 52/64 MP: 2/7
  4452 | D:5      | Reached skill level 10 in Long Blades
  4957 | D:6      | Reached skill level 11 in Long Blades
  4985 | D:6      | Found Maxon's Antique Armour Shop.
  4992 | D:6      | Bought a runed ring mail for 92 gold pieces
  5483 | D:7      | Found a bloodstained altar of Trog.
  5490 | D:7      | Reached skill level 12 in Long Blades
  5645 | D:6      | Reached XP level 9. HP: 25/70 MP: 2/8
  5651 | D:6      | HP: 1/105 [steam dragon (9)]
  5652 | D:6      | Mangled by a steam dragon

Vault maps used:
D:1:      dpeg_arrival_renting, nrook_mini_vaults
D:2:      yredelemnul_altar_generic, lemuel_coloured_pillars_altar, first_bread,
          minmay_vboxes, uniq_terence
D:3:      makhleb_heckhound_becter, uniq_natasha
D:4:      minmay_temple_entry_hall, nicolae_ru_great_annihilating_truth
D:5:      gup_sewer_entry_glass, roderic_roman_lattice
D:6:      kennysheep_steamy, serial_shops, nicolae_shop_crystal
D:7:      basic_altar, serial_shops, shop_coins, trog_ov_bears_minmay
Temple:   triangle_lava_temple_12
Sewer:    sewer_the_crocodile

Action                   |  1- 3 |  4- 6 |  7- 9 || total
-------------------------+-------+-------+-------++-------
Melee: Spear             |    59 |       |       ||    59
       Falchion          |    21 |   181 |   192 ||   394
Invok: Berserk           |       |     2 |     1 ||     3
       Burn Spellbooks   |       |       |     1 ||     1
Evoke: Wand              |       |       |     1 ||     1
  Use: Scroll            |       |    12 |     3 ||    15
       Potion            |       |       |     2 ||     2
 Stab: Sleeping          |     1 |       |       ||     1
       Paralysed         |       |     1 |       ||     1
  Eat: Chunk             |       |     9 |     3 ||    12
       Meat ration       |       |     1 |       ||     1
